 Dungeon Crawl Stone Soup version 0.28.0-43-g3370ac3207 (webtiles) character file.

Game seed: 5424541744303087878

23480 issech the Spear-Bearer (level 12, -2/109 HPs)
             Began as a Troll Monk on Feb 28, 2022.
             Was an Elder of Hepliaklqana.
             Shot with an arrow by a centaur warrior (13 damage)
             ... on level 15 of the Dungeon.
             The game lasted 01:28:15 (16726 turns).

issech the Spear-Bearer (Troll Monk)               Turns: 16726, Time: 01:28:15

Health: -2/109     AC: 11    Str: 22    XL:     12   Next: 72%
Magic:  11/11      EV: 12    Int:  6    God:    Hepliaklqana [****..]
Gold:   1584       SH:  0    Dex: 13    Spells: 11/11 levels left

rFire   + . .      SeeInvis .   B - +8 trident of Dim Light {vorpal, rElec rPois Will++ Dex-3}
rCold   . . .      Faith    .   (no shield)
rNeg    . . .      Spirit   .   O - +1 troll leather armour
rPois   +          Reflect  .   (helmet restricted)
rElec   +          Harm     .   (no cloak)
rCorr   .          Rampage  .   (gloves unavailable)
Will    ++...                   (boots unavailable)
Stlth   ++........              (no amulet)
HPRegen 1.88/turn               j - ring of protection from fire
MPRegen 0.12/turn               L - +4 ring of protection

@: about to teleport
A: reduced essence, large, unfitting armour, claws 3, regeneration 1, shaggy fur
1, tough skin 1
a: Renounce Religion, Recall Ancestor, Ancestor Identity, Transference, Idealise


You were on level 15 of the Dungeon.
You worshipped Hepliaklqana.
Hepliaklqana was greatly pleased with you.
You visited 2 branches of the dungeon, and saw 16 of its levels.
You also visited: Sewer and Ossuary.

You collected 1584 gold pieces.

Inventory:

Hand Weapons
 A - the +8 Wrath of Trog {antimagic, *Rage Rampage}
   (You found it on level 4 of the Dungeon)

   It reduces the magical energy of the wielder, and disrupts the spells and
   magical abilities of those it strikes.
   Natural abilities and divine invocations are not affected.
   It causes slowness and exhaustion when equipped.
   It extends the wielder's berserk rage when killing foes.
   *Rage:     It berserks you when you make melee attacks (+50% chance).
   Rampage:   It bestows one free step when moving towards enemies.
 B - the +8 trident of Dim Light (weapon) {vorpal, rElec rPois Will++ Dex-3}
   (You found it on level 5 of the Dungeon)

   It inflicts extra damage upon your enemies.
   Dex:       It affects your dexterity (-3).
   rElec:     It insulates you from electricity.
   rPois:     It protects you from poison.
   Will:      It greatly increases your willpower.
 J - a +2 dagger of protection
 K - a +0 giant spiked club
 R - a +0 morningstar
 V - a +4 shortbow of flaming
 W - a +2 flail of protection
 Y - the +9 hunting sling "Novass" {speed, rElec rC+ rN+ Stlth-}
   (You found it on level 10 of the Dungeon)

   Attacks with this weapon are significantly faster.
   rC:        It protects you from cold.
   rElec:     It insulates you from electricity.
   rN:        It protects you from negative energy.
   Stlth:     It makes you less stealthy.
 Z - the +5 trident "Panisch" {flame, *Noise Fragile rF+++ rCorr}
   (You found it on level 14 of the Dungeon)

   It burns those it strikes, dealing additional fire damage.
   rF:        It renders you almost immune to fire.
   *Noise:    It may make noises in combat.
   rCorr:     It protects you from acid and corrosion.
   Fragile:   It will be destroyed if unequipped.
Missiles
 c - 499 stones
 d - 56 poisoned darts
 i - 4 javelins
 s - 672 arrows
 w - 99 sling bullets
 x - 191 bolts
 y - 2 throwing nets
 P - 4 curare-tipped darts
 Q - 5 boomerangs
 S - 15 large rocks (quivered)
Armour
 b - +0 acid dragon scales
 O - a +1 troll leather armour (worn)
Magical Staves
 h - a staff of conjuration
 T - a staff of poison
Jewellery
 j - a ring of protection from fire (left claw)
 L - a +4 ring of protection (right claw)
Wands
 a - a wand of polymorph (3)
 v - a wand of mindburst (6)
 z - a wand of charming (24)
 I - a wand of paralysis (13)
 N - a wand of iceblast (25)
 X - a wand of digging (7)
Scrolls
 e - 2 scrolls of holy word
 f - 3 scrolls of enchant weapon
 g - 2 scrolls of fear
 l - a scroll of fog
 n - a scroll of magic mapping
 r - 6 scrolls of teleportation
 u - 3 scrolls of blinking
 G - 2 scrolls of amnesia
Potions
 k - a potion of ambrosia
 m - 2 potions of cancellation
 o - 6 potions of heal wounds
 p - 5 potions of brilliance
 q - 2 potions of flight
 t - 5 potions of mutation {unknown}
 C - 6 potions of curing {unknown}
 D - 2 potions of invisibility {unknown}
 E - 2 potions of haste {unknown}
 F - a potion of resistance {unknown}
 H - 4 potions of attraction {unknown}
 M - a potion of degeneration {unknown}
 U - 2 potions of might {unknown}


   Skills:
 + Level 8.6 Fighting
 + Level 6.0 Maces & Flails
 + Level 11.6 Polearms
 + Level 0.1 Throwing
 + Level 4.9 Armour
 + Level 7.8 Dodging
 + Level 4.1 Stealth


You had 11 spell levels left.
You didn't know any spells.
Your spell library contained the following spells:

 Spells                   Type           Power      Damage    Failure   Level
 Animate Skeleton         Necr           0%         N/A       50%         1
 Sting                    Tmut/Pois      0%         1d3       50%         1
 Summon Small Mammal      Summ           0%         N/A       50%         1
 Blink                    Tloc           0%         N/A       65%         2
 Poisonous Vapours        Pois/Air       0%         N/A       65%         2
 Static Discharge         Conj/Air       0%         N/A       65%         2
 Call Canine Familiar     Summ           0%         N/A       86%         3
 Gell's Gravitas          Tloc           0%         N/A       86%         3
 Portal Projectile        Hex/Tloc       0%         N/A       86%         3
 Summon Guardian Golem    Hex/Summ       0%         N/A       86%         3
 Teleport Other           Tloc           0%         N/A       86%         3
 Dispel Undead            Necr           0%         3d6       99%         4
 Leda's Liquefaction      Hex/Erth       0%         N/A       99%         4
 Olgreb's Toxic Radiance  Pois           0%         N/A       99%         4
 Sticky Flame             Conj/Fire      0%         2d3       99%         4
 Summon Ice Beast         Ice/Summ       0%         N/A       99%         4
 Manifold Assault         Tloc           0%         N/A       100%        5
 Summon Forest            Summ/Tloc      0%         N/A       100%        5
 Summon Mana Viper        Hex/Summ       0%         N/A       100%        5
 Dispersal                Tloc           0%         N/A       100%        6
 Eringya's Noxious Bog    Tmut/Pois      0%         N/A       100%        6
 Monstrous Menagerie      Summ           0%         N/A       100%        7
 Storm Form               Tmut/Air       0%         N/A       100%        7
 Summon Hydra             Summ           0%         N/A       100%        7
 Polar Vortex             Ice            0%         N/A       100%        9


Dungeon Overview and Level Annotations

Branches:
Dungeon (15/15)            Temple (1/1) D:5            Lair (0/6) D:8
    Orc (0/2) D:11         Vaults (0/5) D:14          Sewer (visited)
Ossuary (visited)
 Depths: D:15

Altars:
Ashenzari
Cheibriados
Dithmenos
Elyvilon
Fedhas
Gozag
Hepliaklqana
Kikubaaqudgha
Makhleb
Nemelex Xobeh
Okawaru
Qazlal
Ru
Sif Muna
Trog
Uskayaw
Vehumet
Wu Jian
Xom
Yredelemnul
Zin
The Shining One
Beogh
Ignis

Shops:
D:2 [   D:10 (


Innate Abilities, Weirdness & Mutations

Your life essence is reduced to manifest your ancestor. (-10% HP)
You are too large for most types of armour.
You have claws for hands.
Your natural rate of healing is unusually fast.
You are covered in fur. (AC +1)
You have tough skin. (AC +1)


Message History

You hit the cyan ugly thing.
The cyan ugly thing is lightly wounded.
The centaur warrior shoots an arrow.
The arrow hits you!! The cyan ugly thing stings you!
The cyan ugly thing shocks you. You resist.
As you read the scroll of teleportation, it crumbles to dust.
You feel strangely unstable.
The centaur warrior shoots an arrow.
The arrow hits you! The cyan ugly thing tail-slaps you.
The cyan ugly thing shocks you. You resist. The cyan ugly thing stings you!
The cyan ugly thing shocks you. You resist.
The centaur warrior shoots an arrow.
The arrow closely misses you.
You hear a shout!
You puncture the cyan ugly thing!
The cyan ugly thing is moderately wounded.
The cyan ugly thing barely misses you.
The centaur warrior shoots an arrow.
The arrow hits you! The cyan ugly thing stings you.
The cyan ugly thing shocks you. You resist.
* * * LOW HITPOINT WARNING * * *
You closely miss the cyan ugly thing.
The cyan ugly thing is moderately wounded.
The cyan ugly thing tail-slaps you but does no damage.
You closely miss the cyan ugly thing.
The cyan ugly thing is moderately wounded.
The centaur warrior shoots an arrow.
The arrow hits you.
* * * LOW HITPOINT WARNING * * *
The cyan ugly thing barely misses you.
A cyan ugly thing comes into view.
The cyan ugly thing tail-slaps you but does no damage.
You barely miss the cyan ugly thing.
The cyan ugly thing is moderately wounded.
The centaur wields a +0 shortbow.
The centaur shoots an arrow.
The arrow hits you!
* * * LOW HITPOINT WARNING * * *
The cyan ugly thing stings you.
* * * LOW HITPOINT WARNING * * *
The cyan ugly thing shocks you. You resist.
* * * LOW HITPOINT WARNING * * *
You puncture the cyan ugly thing!
The cyan ugly thing is heavily wounded.
The centaur warrior shoots an arrow.
The arrow hits you!
You die...

.. ..#........l... ..#
## ....##.........
..###. #..^##..........
..#..#....##.....#....
##..........c#..##....
###.H.......c..#..##....
#.............#...#.....
#R..##.c.........#
##@######.........# #uu#
#........## #uu##
#.#####..## #.#..# #.#
##..# #u###.## #.# ##...
..# #..## #.# #.### $.#
#...###.# ##.# ##.
#.......# #..# #
#.####..####.##


You could see the friendly Plamen the battlemage, 5 ugly things, a centaur
warrior and a centaur.

Vanquished Creatures
  A boulder beetle (D:12)
  A hydra (D:14)
  A vault guard (D:14)
  2 centaur warriors
  A two-headed ogre (D:9)
  A deep elf pyromancer (D:14)
  An ugly thing (D:12)
  4 cyclopes
  A manticore (D:14)
  A gargoyle (D:12)
  A kobold demonologist (D:8)
  A yaktaur (shapeshifter) (D:14)
  An efreet (D:14)
  3 trolls
  2 meliai zombies (D:11)
  2 shadows
  A basilisk (D:15)
  A wraith (D:12)
  A wyvern (D:8)
  13 vampire mosquitoes
  5 acid dragons
  A water moccasin (D:6)
  2 ice beasts (D:6)
  2 orc warriors
  2 sky beasts
  A necrophage (D:5)
  23 centaurs
  3 ogres
  A phantom (D:4)
  9 kobold brigands
  2 bullfrogs (D:8)
  A scorpion (D:5)
  2 gnoll sergeants
  A water moccasin skeleton (D:4)
  2 wights (D:10)
  An electric eel (D:11)
  A howler monkey (D:11)
  5 centaur zombies
  2 human zombies (Ossuary)
  A jelly (D:8)
  7 orc priests
  4 hounds
  A centaur skeleton (D:5)
  A bullfrog skeleton (D:4)
  5 iguanas
  7 orc wizards
  4 hound zombies (Ossuary)
  3 mummies (Ossuary)
  A howler monkey zombie (D:7)
  10 adders
  14 gnolls
  A howler monkey skeleton (D:6)
  4 river rats
  3 shadow imps (D:8)
  2 ufetubi (D:4)
  4 adder zombies (Ossuary)
  8 worms
  5 dart slugs
  28 orcs
  7 bats
  6 endoplasms
  4 giant cockroaches
  2 gnoll zombies (Ossuary)
  6 hobgoblins
  11 jackals
  37 kobolds
  3 quokkas
  6 ball pythons
  5 frilled lizards
  8 goblins
  3 goblin zombies (Ossuary)
  6 hobgoblin zombies (Ossuary)
  13 kobold skeletons (D:8)
  10 kobold zombies
  2 orc zombies (Ossuary)
  5 quokka zombies (Ossuary)
  15 rats
  2 rat zombies (Ossuary)
370 creatures vanquished.

Vanquished Creatures (collateral kills)
  A hydra (D:14)
  A two-headed ogre (D:11)
  A centaur warrior (D:13)
  3 deep elf pyromancers
  A cyclops (D:14)
  An ugly thing (D:12)
  A wolf spider (D:15)
  2 centaur zombies
  An unseen horror (D:13)
  A troll (D:14)
  A vampire mosquito (D:13)
  An orc warrior (D:11)
  4 centaurs
  2 howler monkeys (D:11)
  A wight (D:10)
  An orc priest (D:11)
  An orc wizard (D:10)
  A gnoll (D:9)
  3 orcs
  3 kobolds (D:10)
31 creatures vanquished.

Vanquished Creatures (others)
  9 battlemagi
  A withered plant (D:15)
10 creatures vanquished.

Grand Total: 411 creatures vanquished

Notes
Turn   | Place    | Note
-------+----------+-------------------------------------------
     0 | D:1      | issech the Troll Monk began the quest for the Orb.
     0 | D:1      | Reached XP level 1. HP: 22/22 MP: 0/0
   186 | D:1      | Reached XP level 2. HP: 29/29 MP: 1/1
   390 | D:1      | Found a faded altar of an unknown god.
   491 | D:1      | Reached XP level 3. HP: 36/36 MP: 2/2
  1171 | D:2      | Found Ypag's Antique Armour Boutique.
  1620 | D:2      | Reached XP level 4. HP: 43/44 MP: 3/3
  2269 | D:3      | Reached XP level 5. HP: 53/53 MP: 4/4
  2480 | D:3      | Found a bloodstained altar of Trog.
  3017 | D:4      | Noticed a phantom
  3050 | D:4      | Killed a phantom
  3057 | D:4      | Reached XP level 6. HP: 48/61 MP: 5/5
  3383 | D:4      | Reached skill level 5 in Maces & Flails
  3625 | D:4      | Found the +8 Wrath of Trog {antimagic, *Rage Rampage}
  4012 | D:5      | Entered Level 5 of the Dungeon
  4140 | D:5      | Reached XP level 7. HP: 52/67 MP: 6/6
  4198 | D:5      | Found a staircase to the Ecumenical Temple.
  4206 | Temple   | Entered the Ecumenical Temple
  4327 | D:5      | Identified the +8 trident of Dim Light {vorpal, rElec rPois
                  | Will++ Dex-3}
  4385 | D:5      | Found a sand-covered staircase.
  4394 | Ossuary  | Entered an ossuary
  4399 | Ossuary  | Upgraded the game from 0.28.0-1-gb440e238dd to
                  | 0.28.0-43-g3370ac3207
  4594 | Ossuary  | Reached skill level 1 in Polearms
  4798 | D:5      | Reached skill level 2 in Polearms
  5000 | D:5      | Reached XP level 8. HP: 63/78 MP: 7/7
  5327 | D:6      | Reached skill level 3 in Polearms
  5384 | D:6      | Found a glowing drain.
  5392 | Sewer    | Entered a sewer
  5899 | D:6      | Reached skill level 4 in Polearms
  6343 | D:6      | Reached skill level 5 in Polearms
  6450 | D:6      | Noticed a troll
  6578 | D:6      | Killed a troll
  6579 | D:6      | Reached XP level 9. HP: 65/87 MP: 8/8
  6642 | D:6      | Identified a scroll of acquirement
  6642 | D:6      | Acquired 648 gold pieces
  6843 | D:7      | Reached skill level 5 in Fighting
  7315 | D:7      | Found a hide-covered altar of Uskayaw.
  7710 | D:8      | Reached skill level 6 in Polearms
  8007 | D:8      | Reached skill level 1 in Armour
  8450 | D:8      | Reached skill level 5 in Dodging
  8460 | D:8      | Found a staircase to the Lair.
  8955 | D:8      | Noticed a kobold demonologist
  8980 | D:8      | Killed a kobold demonologist
  8981 | D:8      | Reached skill level 7 in Polearms
  9113 | D:8      | Found an ancient bone altar of Kikubaaqudgha.
  9460 | D:8      | Reached XP level 10. HP: 55/98 MP: 9/9
  9848 | D:9      | Found a glowing golden altar of the Shining One.
  9850 | D:9      | Noticed a two-headed ogre
  9854 | D:9      | Found a hazy altar of Hepliaklqana.
  9860 | D:9      | Killed a two-headed ogre
  9872 | D:9      | Became a worshipper of Hepliaklqana the Forgotten
  9872 | D:9      | Reached * piety under Hepliaklqana
  9872 | D:9      | Reached ** piety under Hepliaklqana
  9873 | D:9      | Remembered your ancestor Plamen as a battlemage
  9878 | D:9      | Found a broken altar of Ashenzari.
 10044 | D:9      | Reached skill level 8 in Polearms
 10128 | D:10     | Entered Level 10 of the Dungeon
 10194 | D:10     | Found Miunn's Weapon Shop.
 10930 | D:10     | Found a sparkling altar of Nemelex Xobeh.
 10936 | D:10     | Found a stormy altar of Qazlal.
 10936 | D:10     | Found a snail-covered altar of Cheibriados.
 10939 | D:10     | Identified the +9 hunting sling "Novass" {speed, rElec rC+
                  | rN+ Stlth-}
 10957 | D:10     | Found a glowing silver altar of Zin.
 10957 | D:10     | Found a shimmering blue altar of Sif Muna.
 11407 | D:11     | Found a staircase to the Orcish Mines.
 11587 | D:11     | Noticed a cyclops
 11594 | D:11     | Killed a cyclops
 11595 | D:11     | Reached skill level 9 in Polearms
 11595 | D:11     | Reached XP level 11. HP: 66/96 MP: 10/10
 11656 | D:11     | Noticed a two-headed ogre
 11665 | D:11     | Killed a two-headed ogre
 12023 | D:11     | Identified the +5 hand axe "Nissaono" {vamp, *Corrode rElec
                  | rF+ Int+2}
 12415 | D:12     | Noticed a white ugly thing
 12506 | D:12     | Noticed a boulder beetle
 12508 | D:12     | Noticed a cyan ugly thing
 12539 | D:12     | Killed a cyan ugly thing
 12599 | D:12     | Noticed a deep elf pyromancer
 12604 | D:12     | Killed a deep elf pyromancer
 12751 | D:12     | Reached *** piety under Hepliaklqana
 12890 | D:12     | Killed a boulder beetle
 12891 | D:12     | Reached skill level 10 in Polearms
 13137 | D:12     | Killed a white ugly thing
 13229 | D:12     | Got the Incunabulum of Snow and Evil
 13952 | D:13     | Noticed a centaur warrior
 13962 | D:13     | Killed a centaur warrior
 14138 | D:13     | Found a sparkling altar of Nemelex Xobeh.
 14198 | D:13     | Reached XP level 12. HP: 82/107 MP: 11/11
 14551 | D:13     | Noticed a centaur warrior
 14573 | D:13     | Killed a centaur warrior
 14770 | D:14     | Noticed a six-headed hydra
 14991 | D:14     | Killed a six-headed hydra
 15067 | D:14     | Reached skill level 11 in Polearms
 15186 | D:14     | Noticed a vault guard
 15225 | D:14     | Killed a vault guard
 15250 | D:14     | Found a gate to the Vaults.
 15480 | D:14     | Noticed a six-headed hydra
 15522 | D:15     | Entered Level 15 of the Dungeon
 15600 | D:15     | Noticed a centaur warrior
 15817 | D:14     | Killed a six-headed hydra
 15911 | D:14     | Identified the +5 trident "Panisch" {flame, *Noise Fragile
                  | rF+++ rCorr}
 15942 | D:14     | Reached **** piety under Hepliaklqana
 16181 | D:14     | You fall into a shaft and drop 1 floor!
 16214 | D:15     | Noticed a centaur warrior
 16420 | D:15     | Killed a centaur warrior
 16726 | D:15     | Shot with an arrow by a centaur warrior

Illustrated notes

Levels and vault maps discovered:
D:1:      amcnicky_arrival_gap_in_the_tavern_cellar, layout_basic,
          shapermc_ecumenical_altar_mp_urbaneastern
D:2:      layout_loops_corners, serial_shops, shop, serial_park_tiny_1
D:3:      layout_basic, mainiacjoe_overflow_alcove_4, kennysheep_another_room,
          st_stairs_11, kennysheep_generic_room_7
D:4:      layout_basic
D:5:      layout_loops_ring, minmay_temple_entry_slanted,
          chequers_ossuary_entry_cave, kennysheep_generic_room_15
D:6:      layout_loops_ring, lightli_sewer_entry_pipes
D:7:      layout_loops_ring, lemuel_round_altar
D:8:      wander_kiku_kobolds, layout_basic, lair_entry_dummy,
          serial_co_window_serial, co_window_paths_b, co_window_corner_a,
          co_window_paths_a, co_window_of_opportunity_a,
          co_window_of_opportunity_a, co_window_2corner, co_window_2corner,
          co_window_broadway_c, co_window_broadway_c, co_window_paths_c,
          co_window_4corner_a
D:9:      layout_big_octagon, minmay_overflow_temple_star_quad,
          serial_park_tiny_pond
D:10:     layout_long_grid, minmay_overflow_temple_star_hex, serial_shops, shop
D:11:     layout_roguey, minmay_orc_entry_temple_small, kennysheep_path_1
D:12:     layout_basic
D:13:     layout_loops_ring, nemelex_diamond_rough_becter
D:14:     nicolae_cairo_tiling, layout_basic, david_vaults_5, nicolae_wwwww
D:15:     gammafunk_depths_entry_grave, layout_layer_cave
Temple:   ebering_untended_altars

Skill      XL: |  1  2  3  4  5  6  7  8  9 10 11 12 |
---------------+-------------------------------------+-----
Maces & Flails | 3 4 5 6 |  6.0
Dodging        | 3 4 5 7 |  7.8
Fighting       | 3 4 5 6 7 8 |  8.6
Polearms       | 2 5 7 9 10 11 | 11.6
Stealth        | 2 3 4 |  4.1
Armour         | 2 3 4 |  4.9
Throwing       | |  0.1

Action                   |  1- 3 |  4- 6 |  7- 9 | 10-12 || total
-------------------------+-------+-------+-------+-------++-------
Melee: Mace              |    44 |       |       |       ||    44
       Flail             |   120 |   111 |       |       ||   231
       Whip              |       |   122 |    13 |       ||   135
       Punch             |       |     2 |     4 |     9 ||    15
       Trident           |       |       |   452 |   436 ||   888
       Giant club        |       |       |     4 |       ||     4
Throw: Large rock        |       |       |       |     1 ||     1
Invok: Ancestor Life: Ba |       |       |       |     1 ||     1
       Recall Ancestor   |       |       |       |     1 ||     1
  Use: Scroll            |       |     3 |     8 |     9 ||    20
 Stab: Sleeping          |     3 |     2 |     6 |     5 ||    16
       Distracted        |       |       |     1 |     1 ||     2
Armor: Robe              |    79 |    57 |    84 |       ||   220
       Troll leather arm |       |       |    54 |   243 ||   297
Dodge: Dodged            |   133 |   129 |   300 |   300 ||   862
